 Dungeon Crawl Stone Soup version 0.20-a0-1086-g4bd2f5b (webtiles) character file.

11351 kuniqs the Summoner (level 11, 0/87 HPs)
             Began as a Gnoll Summoner on May 1, 2017.
             Was an Elder of Sif Muna.
             Slain by a freezing wraith (3 damage)
             ... in an ice cave on May 2, 2017.
             The game lasted 00:50:09 (13186 turns).

kuniqs the Summoner (Gnoll Summoner)               Turns: 13186, Time: 00:50:09

Health: 0/87       AC:  6    Str:  7      XL:     11   Next: 76%
Magic:  4/24       EV: 17    Int: 19      God:    Sif Muna [****..]
Gold:   743        SH:  0    Dex: 16 (17) Spells: 11/28 levels left

rFire    + . .     SeeInvis .   F - +3 glaive (protect)
rCold    . . .     Gourm    .   (shield currently unavailable)
rNeg     . . .     Faith    .   A - +1 robe {MR+}
rPois    .         Spirit   .   l - +2 helmet
rElec    .         Reflect  .   (no cloak)
rCorr    .         Harm     .   (no gloves)
MR       +....                  (no boots)
Stlth    +++++.....             j - amulet of regeneration
Regen    0.7/turn               J - ring of protection from fire
MPRegen  0.2/turn               B - ring of wizardry

@: slowed, divine energy, very slow
A: short attention span, fangs 1, camouflage 1, agile 1, strong nose
a: Stop Divine Energy, Channel Magic, Forget Spell, Renounce Religion


You were in an ice cave.
You worshipped Sif Muna.
Sif Muna was greatly pleased with you.
You were hungry.

You visited 3 branches of the dungeon, and saw 17 of its levels.
You also visited: Ice Cave.

You collected 743 gold pieces.

Inventory:

Hand Weapons
 F - a +3 glaive of protection (weapon)
Missiles
 m - 2 throwing nets (quivered)
Armour
 l - a +2 helmet (worn)
 o - a +0 buckler
 A - a +1 robe of magic resistance (worn)
 O - a +0 robe of fire resistance
Jewellery
 j - an amulet of regeneration (around neck)
 B - a ring of wizardry (right hand)
 G - an uncursed ring of resist corrosion
 J - a ring of protection from fire (left hand)
Wands
 E - a wand of digging (11/24)
 H - a wand of lightning (7/15)
 K - a wand of lightning (3/15)
Scrolls
 a - a scroll of blinking
 i - 2 scrolls of identify {@r1}
 p - a scroll of amnesia
 q - a scroll of fear
 r - 3 scrolls of enchant weapon
 t - 3 scrolls of teleportation
 u - 6 scrolls of remove curse {@r2}
 w - a scroll of fog
 x - 2 scrolls of recharging
 y - a scroll of enchant armour
 C - a scroll of immolation
Potions
 c - 12 potions of curing {@q1}
 g - a potion of magic
 h - a potion of flight {unknown}
 k - 2 potions of cancellation
 n - 2 potions of heal wounds
 s - 5 potions of mutation
 v - a potion of agility
 D - a potion of lignification
 I - a potion of haste
 L - a potion of ambrosia
 N - a potion of might
Books
 b - a book of Callings

   Spells                             Type                      Level
   a - Summon Small Mammal            Summoning                    1
   b - Call Imp                       Summoning                    2
   c - Call Canine Familiar           Summoning                    3
   d - Summon Guardian Golem          Hexes/Summoning              3
   e - Summon Lightning Spire         Summoning/Air                4
   f - Summon Ice Beast               Ice/Summoning                4
 z - a book of Necromancy

   Spells                             Type                      Level
   a - Pain                           Necromancy                   1
   b - Animate Skeleton               Necromancy                   1
   c - Vampiric Draining              Necromancy                   3
   d - Regeneration                   Charms/Necromancy            3
   e - Animate Dead                   Necromancy                   4
   f - Control Undead                 Necromancy                   4
Miscellaneous
 M - a phial of floods
Comestibles
 d - 12 bread rations
 e - 6 meat rations
 f - a royal jelly


   Skills:
 + Level 8.6 Fighting
 - Level 7.0 Dodging
 - Level 7.5 Stealth
 + Level 5.3 Shields
 + Level 9.1 Spellcasting
 + Level 9.9 Summonings
 + Level 7.9 Necromancy
 - Level 8.5 Ice Magic
 - Level 8.0 Air Magic
 + Level 3.2 Invocations
 + Level 1.7 Evocations


You had 11 spell levels left.
You knew the following spells:

 Your Spells              Type           Power        Failure   Level  Hunger
a - Summon Small Mammal   Summ           ####         1%          1    None
b - Call Imp              Summ           #####...     1%          2    None
c - Call Canine Familiar  Summ           #####...     1%          3    None
d - Summon Ice Beast      Ice/Summ       #####...     1%          4    ###....
e - Animate Skeleton      Necr           N/A          1%          1    None
f - Summon Lightning Spi  Summ/Air       #####...     1%          4    ###....
g - Swiftness             Chrm/Air       ###.....     1%          2    None


Dungeon Overview and Level Annotations

Branches:
Dungeon (14/15)            Temple (1/1) D:4            Lair (2/6) D:11
    Orc (0/2) D:9
  Swamp: Lair:2-4    Shoals: Lair:2-4     Snake: Lair:2-4    Spider: Lair:2-4
 Vaults: D:13-14

Altars:
Ashenzari
Cheibriados
Dithmenos
Elyvilon
Fedhas
Gozag
Hepliaklqana
Kikubaaqudgha
Makhleb
Nemelex Xobeh
Okawaru
Qazlal
Ru
Sif Muna
Trog
Uskayaw
Vehumet
Wu Jian
Xom
Yredelemnul
Zin
The Shining One

Shops:
D:6 %   D:9 [(}

Annotations:
D:9 1 runed door
D:11 Frances


Innate Abilities, Weirdness & Mutations

You have a short attention span.
You have very sharp teeth.
Your uncanny sense of smell can sniff out nearby items.
Your skin changes colour to match your surroundings (Stealth+).
You are agile. (Dex +2)


Message History

The freezing wraith hits you but does no damage.
The freezing wraith hits you! The freezing wraith freezes you!
The freezing wraith barely misses you. The freezing wraith hits you!
* * * LOW HITPOINT WARNING * * *
The freezing wraith freezes you!
* * * LOW HITPOINT WARNING * * *
The freezing wraith hits you!
* * * LOW HITPOINT WARNING * * *
The freezing wraith drains your vigour!
You feel as though you will be slow longer.
What are your orders? t - Bark!
Orders for allies: a - Attack new target. r - Retreat! s - Stop attacking. g - Guard the area. f - Follow me.
Anything else - Cancel.
Gang up on whom?
Aim: a freezing wraith (almost destroyed) Attack!
The freezing wraith barely misses you. The freezing wraith hits you.
You die...

#..# #...# #...#
#...# ...# ##..#
#..######
##.###8..##
#..##.W@..##
#..#...#...#
#....####..#
#...## #..##
##.## ##..## ###
#...## ##....##
#......# ####
##.....####..####


You could see a freezing wraith and a friendly lightning spire.

Vanquished Creatures
  An unseen horror (D:10)
  A centaur zombie (D:12)
  A troll (D:12)
  A yak (D:12)
  A hungry ghost (D:11)
  An ice beast (D:7)
  An orc warrior (D:7)
  A phantom (D:4)
  4 bullfrogs
  A hound (D:6)
  An iguana (D:7)
  An orc wizard (D:6)
  A worker ant (D:10)
  A wolf simulacrum (IceCv)
  A hound skeleton (D:8)
  4 adders
  2 white imps
  A worm (D:5)
  4 leopard geckos
  4 orcs
  A bat (D:3)
  2 giant cockroaches
  A hobgoblin (D:2)
  2 jackals (D:5)
  2 quokkas
  A ball python (D:3)
  A goblin (D:2)
  A jackal zombie (D:6)
  A kobold (D:1)
  A quokka zombie (D:6)
  2 rats (D:1)
48 creatures vanquished.

Vanquished Creatures (collateral kills)
  Josephine (D:13)
  Erolcha (D:12)
  A hydra (D:9)
  Erica (Lair:1)
  A two-headed ogre (D:12)
  Pikel (D:6)
  2 ugly things
  A manticore (D:11)
  2 spiny frogs
  2 komodo dragons
  A freezing wraith (IceCv)
  3 kobold demonologists (D:11)
  2 trolls
  3 hippogriffs
  Sigmund (D:2)
  22 yaks
  A wraith (D:13)
  2 vampires
  2 death yak simulacra (IceCv)
  A hungry ghost (D:10)
  2 steam dragons
  Menkaure (D:7)
  2 wargs (D:11)
  3 water moccasins
  A porcupine (Lair:2)
  7 orc warriors
  2 slaves (D:6)
  2 black bears
  An eye of draining (D:11)
  6 ice beasts
  A sky beast (D:8)
  A necrophage (D:9)
  An ogre (D:11)
  2 centaurs
  The ghost of Paps the Sneak, an amateur OpAs of Dithmenos (D:3)
  2 crocodiles
  3 big kobolds
  5 bullfrogs
  A gnoll sergeant (D:10)
  A water moccasin zombie (D:9)
  3 scorpions
  A swamp dragon simulacrum (IceCv)
  4 howler monkeys
  5 electric eels (D:9)
  2 bullfrog zombies
  A crimson imp (D:8)
  A quasit (D:7)
  6 hounds
  3 jellies
  12 orc priests
  3 iguanas
  8 orc wizards
  2 bullfrog skeletons
  Natasha (thrice) (D:2)
  9 worker ants
  A howler monkey skeleton (D:6)
  13 adders
  13 gnolls
  A shadow imp (D:11)
  15 white imps
  2 oozes
  5 worms
  A leopard gecko (D:9)
  41 orcs
  A ball python (D:2)
  3 giant cockroaches
  5 goblins
  7 hobgoblins
  2 jackals (D:4)
  15 kobolds
  3 quokkas
  6 bats
  5 frilled lizards
  A leopard gecko skeleton (D:4)
  A quokka skeleton (D:9)
  7 rats
307 creatures vanquished.

Grand Total: 355 creatures vanquished

Notes
Turn   | Place    | Note
-------+----------+-------------------------------------------
     0 | D:1      | kuniqs the Gnoll Summoner began the quest for the Orb.
     0 | D:1      | Reached XP level 1. HP: 13/13 MP: 4/4
   274 | D:1      | Reached XP level 2. HP: 14/19 MP: 0/6
   330 | D:1      | Learned a level 2 spell: Call Imp
   627 | D:1      | Found a glowing golden altar of the Shining One.
   668 | D:2      | Found a blossoming altar of Fedhas.
   697 | D:2      | Noticed Natasha
   730 | D:2      | Noticed a crimson imp
   730 | D:2      | Killed Natasha
   730 | D:2      | Reached XP level 3. HP: 21/24 MP: 1/8
   799 | D:2      | Learned a level 3 spell: Call Canine Familiar
  1034 | D:2      | Noticed Sigmund
  1280 | D:2      | Found an ancient bone altar of Kikubaaqudgha.
  1424 | D:2      | Noticed Natasha
  1430 | D:2      | Killed Natasha
  1430 | D:2      | Reached XP level 4. HP: 29/30 MP: 2/10
  1639 | D:2      | Noticed Natasha
  1659 | D:2      | Killed Natasha
  1667 | D:2      | Killed Sigmund
  1667 | D:2      | Reached skill level 5 in Spellcasting
  1667 | D:2      | Reached XP level 5. HP: 35/35 MP: 4/12
  1683 | D:2      | Learned a level 4 spell: Summon Ice Beast
  1688 | D:2      | Learned a level 4 spell: Summon Lightning Spire
  1911 | D:3      | Noticed Paps's ghost (amateur OpAs)
  2056 | D:3      | Found a shattered altar of Ashenzari.
  2109 | D:3      | Found an opulent altar of Gozag.
  2178 | D:3      | Killed Paps's ghost
  2178 | D:3      | Reached skill level 1 in Air Magic
  2502 | D:4      | Reached XP level 6. HP: 41/41 MP: 4/13
  2542 | D:3      | Reached skill level 1 in Ice Magic
  2927 | D:4      | Reached skill level 5 in Dodging
  2958 | D:4      | Found a staircase to the Ecumenical Temple.
  3024 | Temple   | Entered the Ecumenical Temple
  3285 | D:4      | Noticed a phantom
  3328 | D:4      | Killed a phantom
  3564 | D:4      | Reached XP level 7. HP: 26/46 MP: 10/15
  3567 | D:4      | Reached skill level 5 in Stealth
  3748 | D:5      | Entered Level 5 of the Dungeon
  3907 | D:5      | Found a snail-covered altar of Cheibriados.
  4005 | D:5      | Noticed a moth of wrath
  4008 | D:5      | Found a bloodstained altar of Trog.
  4127 | D:5      | Found a white marble altar of Elyvilon.
  4794 | D:6      | Found Poepteomoe's Food Boutique.
  4934 | D:6      | Noticed Pikel
  4938 | D:6      | Killed Pikel
  4938 | D:6      | Reached skill level 1 in Fighting
  4938 | D:6      | Reached XP level 8. HP: 55/55 MP: 11/17
  4984 | D:6      | Learned a level 1 spell: Animate Skeleton
  5782 | D:7      | Reached skill level 5 in Ice Magic
  6217 | D:7      | Noticed Menkaure
  6242 | D:7      | Killed Menkaure
  6348 | D:7      | Found a hide-covered altar of Uskayaw.
  6623 | D:7      | Noticed a hippogriff
  6636 | D:7      | Killed a hippogriff
  6636 | D:7      | Reached XP level 9. HP: 65/65 MP: 12/19
  6706 | D:8      | Reached skill level 1 in Necromancy
  6707 | D:8      | Reached skill level 5 in Air Magic
  6794 | D:8      | Found a radiant altar of Vehumet.
  7278 | D:8      | Found an iron altar of Okawaru.
  7532 | D:9      | Reached skill level 5 in Fighting
  7696 | D:9      | Noticed a four-headed hydra
  7710 | D:9      | Killed a four-headed hydra
  7752 | D:9      | Found Vesaozunt's Gadget Shoppe.
  7752 | D:9      | Found Cigruag's Antique Weapon Shoppe.
  7833 | D:9      | Found Neazum's Armour Boutique.
  7898 | D:9      | Found a deep blue altar of Sif Muna.
  7901 | D:9      | Became a worshipper of Sif Muna the Loreminder
  7946 | D:9      | Found a glowing silver altar of Zin.
  7946 | D:9      | Noticed an angel
  7947 | D:9      | Found a runed door.
  8512 | D:9      | Noticed a troll
  8517 | D:9      | Killed a troll
  8517 | D:9      | Reached XP level 10. HP: 76/76 MP: 9/21
  8572 | D:9      | Reached * piety under Sif Muna
  8585 | D:9      | Found a staircase to the Orcish Mines.
  8797 | D:10     | Entered Level 10 of the Dungeon
  8893 | D:10     | Found a sacrificial altar of Ru.
  9324 | D:10     | Learned a level 2 spell: Swiftness
  9410 | D:10     | Killed an unseen horror
  9410 | D:10     | Reached skill level 5 in Necromancy
  9580 | D:11     | Noticed a kobold demonologist
  9595 | D:11     | Killed a kobold demonologist
  9784 | D:11     | Noticed a manticore
  9793 | D:11     | Killed a manticore
  9912 | D:11     | Reached skill level 1 in Shields
  9916 | D:11     | Reached ** piety under Sif Muna
 10159 | D:11     | Noticed a kobold demonologist
 10162 | D:11     | Noticed a kobold demonologist
 10163 | D:11     | Killed a kobold demonologist
 10185 | D:11     | Killed a kobold demonologist
 10228 | D:11     | Found a staircase to the Lair.
 10467 | D:11     | Noticed a white ugly thing
 10491 | D:11     | Killed a white ugly thing
 10491 | D:11     | Reached XP level 11. HP: 86/86 MP: 13/23
 10527 | D:11     | Gained mutation: You are agile. (Dex +2) [potion of mutation]
 10527 | D:11     | Gained mutation: Your skin changes colour to match your surroundings (Stealth+). [potion of mutation]
 10626 | D:12     | Noticed Erolcha
 10656 | D:12     | Killed Erolcha
 10788 | D:12     | Noticed Frances
 10858 | D:12     | Noticed a sun demon
 11258 | D:12     | Noticed a two-headed ogre
 11267 | D:12     | Killed a two-headed ogre
 11382 | D:12     | Noticed a brown ugly thing
 11389 | D:12     | Killed a brown ugly thing
 11389 | D:12     | Reached skill level 1 in Invocations
 11390 | D:12     | Reached *** piety under Sif Muna
 11536 | D:13     | Noticed Josephine
 11549 | D:13     | Killed Josephine
 11680 | D:14     | Noticed a centaur warrior
 11945 | Lair:1   | Entered Level 1 of the Lair of Beasts
 12323 | Lair:1   | Noticed Erica
 12334 | Lair:1   | Killed Erica
 12334 | Lair:1   | Reached skill level 5 in Shields
 12825 | Lair:2   | Found a frozen archway.
 12890 | IceCv    | Entered an ice cave
 12907 | IceCv    | Reached skill level 1 in Evocations
 13055 | IceCv    | Reached **** piety under Sif Muna
 13185 | IceCv    | HP: 2/87 [freezing wraith (8)]
 13186 | IceCv    | Slain by a freezing wraith

Vault maps used:
D:1:      eino_arrival_tree_alley, tso_altar
D:2:      fedhas_altar_3, lemuel_round_altar, first_bread, uniq_natasha,
          uniq_sigmund
D:3:      ashenzari_altar_1, nicolae_overflow_hidden_temple
D:4:      minmay_temple_entry_crystal_x, kennysheep_generic_room_13
D:5:      nicolae_overflow_crystal_walls, tgw_trog, basic_altar,
          hangedman_decor_opposing
D:6:      serial_shops, shop, uniq_pikel
D:7:      kb_forest_paths, kennysheep_mini, uniq_menkaure
D:8:      kennysheep_mini_moat, overflow_temple_1_default
D:9:      cheibrodos_helix_gallery, lemuel_blue_sif_altar, erik_orc_2,
          serial_shops, shop, nicolae_shop_temple_entry_statues_fountains,
          nicolae_shop_overgrown_old_shop, lemuel_angel_altar
D:10:     basic_altar
D:11:     erik_lair_orcish_takeover
D:12:     grunt_ogre_cave, uniq_frances, uniq_erolcha
D:13:     small_chamber_with_monster, uniq_josephine
D:14:     david_vaults_1, nicolae_sextant, minmay_misc_feat_more_columns
Temple:   nicolae_temple_x_marks_the_god
Lair:1:   uniq_erica
Lair:2:   portal_ice_cave_entry_imps
IceCv:    ice_cave_small_necro

Skill      XL: |  1  2  3  4  5  6  7  8  9 10 11 |
---------------+----------------------------------+-----
Summonings     | 6 7 8 9 |  9.9
Stealth        | 3 4 6 7 |  7.5
Dodging        | 4 5 6 7 |  7.0
Spellcasting   | 4 5 6 7 8 9 |  9.1
Air Magic      | 1 2 3 4 6 7 8 |  8.0
Ice Magic      | 2 4 5 7 8 |  8.5
Fighting       | 1 4 6 7 8 |  8.6
Necromancy     | 4 6 7 |  7.9
Shields        | 2 5 |  5.3
Invocations    | 3 |  3.2
Evocations     | 1 |  1.7

Action                   |  1- 3 |  4- 6 |  7- 9 | 10-12 || total
-------------------------+-------+-------+-------+-------++-------
Melee: Short sword       |    22 |    22 |     3 |       ||    47
       Bite              |     3 |       |    18 |     5 ||    26
       Spear             |       |       |   162 |       ||   162
       Glaive            |       |       |    35 |   142 ||   177
 Cast: Summon Small Mamm |    17 |       |       |       ||    17
       Call Imp          |    11 |    22 |       |       ||    33
       Call Canine Famil |     8 |    27 |     4 |    18 ||    57
       Summon Ice Beast  |       |     3 |    71 |    64 ||   138
       Summon Lightning  |       |       |    22 |    59 ||    81
       Animate Skeleton  |       |       |    23 |    41 ||    64
       Swiftness         |       |       |       |     2 ||     2
Invok: Divine Energy     |       |       |       |     1 ||     1
  Use: Potion            |       |       |     1 |     4 ||     5
       Scroll            |       |       |       |    17 ||    17
 Stab: Sleeping          |       |     1 |     9 |     5 ||    15
       Distracted        |       |       |     3 |     7 ||    10
  Eat: Chunk             |     3 |     8 |    28 |    21 ||    60
       Fruit             |       |       |     3 |       ||     3
       Royal jelly       |       |       |     1 |     4 ||     5
Armor: Robe              |    17 |     7 |    44 |    40 ||   108
Dodge: Dodged            |    39 |    30 |   146 |   123 ||   338
